 Dungeon Crawl Stone Soup version 0.30-a0-913-g9934a0ce24 (webtiles) character file.

Game seed: 11177034656499461950

9 Pimp the Vexing (level 2, 0/19 HPs)
             Began as a Vampire Enchanter on Mar 19, 2023.
             Slain by a worm (3 damage)
             ... on level 2 of the Dungeon.
             The game lasted 00:01:26 (629 turns).

Pimp the Vexing (Vampire Enchanter)                  Turns: 629, Time: 00:01:27

Health: 0/19       AC:  2    Str:  7    XL:     2   Next: 6%
Magic:  5/5        EV: 12    Int: 17    God:
Gold:   47         SH:  0    Dex: 14    Spells: 4/5 levels left

rFire   . . .      SeeInvis +    a - +1 dagger
rCold   . . .      Faith    .    (no shield)
rNeg    . . .      Spirit   .    b - +0 robe
rPois   .          Reflect  .    (no helmet)
rElec   .          Rampage  .    (no cloak)
rCorr   .                        (no gloves)
Will    .....                    (no boots)
Stlth   +++                      (no amulet)
HPRegen 0.43/turn                (no ring)
MPRegen 0.09/turn                (no ring)

@: healing quickly, invisible
A: alive, fangs 3, see invisible, vampiric 1
a: Exsanguinate


You were on level 2 of the Dungeon.
You visited 1 branch of the dungeon, and saw 2 of its levels.

You collected 47 gold pieces.

Inventory:

Hand Weapons
 a - a +1 dagger (weapon)
Armour
 b - a +0 robe (worn)
 e - an orb of light
Jewellery
 g - a ring of protection from cold
Scrolls
 d - a scroll of blinking {unknown}
 f - a scroll of identify {unknown}
 i - a scroll of immolation {unknown}
 j - a scroll of teleportation {unknown}
Potions
 c - a potion of invisibility
 h - a potion of ambrosia {unknown}


   Skills:
 + Level 1.3 Short Blades
 + Level 2.3 Dodging
 + Level 4.5 Stealth
 + Level 2.1 Spellcasting
 + Level 0.0 Conjurations
 * Level 4.7 Hexes


You had 4 spell levels left.
You knew the following spells:

 Your Spells              Type           Power      Damage    Failure   Level
a - Magic Dart            Conj           4%         1d3       19%         1

Your spell library contained the following spells:

 Spells                   Type           Power      Damage    Failure   Level
 Confusing Touch          Hex            18%        N/A       9%          3
 Tukima's Dance           Hex            18%        N/A       9%          3
 Ensorcelled Hibernation  Hex/Ice        18%        N/A       11%         2
 Dazzling Flash           Conj/Hex       18%        N/A       22%         3
 Searing Ray              Conj           2%         2d4       28%         2
 Kindle Blastsparks       Fire/Tloc/Air  2%         2d10      50%         3
 Fulminant Prism          Conj/Hex       4%         3d5       56%         4
 Sticky Flame             Conj/Fire      1%         2d3       88%         4
 Summon Forest            Summ/Tloc      0%         N/A       99%         5
 Summon Hydra             Summ           0%         N/A       100%        7


Dungeon Overview and Level Annotations

Branches:
Dungeon (2/15)

Altars:


Innate Abilities, Weirdness & Mutations

Your natural rate of healing is accelerated.
You have razor-sharp teeth.
You have supernaturally acute eyesight. (SInv)
You are afflicted with vampirism.


Message History

You pick up Lataw's Treatise on Oxidation and Beckoning and begin reading...
You add the spells Kindle Blastsparks, Sticky Flame, Summon Forest and Summon Hydra to your library.
j - a scroll labelled WISHUO VIROD
Found a sling.
You see here a +0 sling.
You see here a +0 sling.
You open the door.
There is an open door here.
There is an escape hatch in the floor here.
Found a dagger.
You see here a +0 dagger.
Done exploring.
Done exploring.
Done exploring.
Done exploring.
There is a stone staircase leading down here.
You climb downwards.
There is a stone staircase leading up here.
You hit the worm.
The worm is lightly wounded.
The worm barely misses you.
You hit the worm but do no damage. You barely miss the worm.
The worm bites you.
You barely miss the worm. You hit the worm but do no damage.
The worm closely misses you.
You barely miss the worm. You barely miss the worm. The worm bites you!
You hit the worm.
The worm is moderately wounded.
The worm bites you!
Ouch! That really hurt!
* * * LOW HITPOINT WARNING * * *
You hit the worm.
The worm is moderately wounded.
There is a stone staircase leading up here.
You fade into invisibility!
You hit the worm.
The worm is moderately wounded.
The worm bites you.
You die...

####
..#
#.###.#
#...w@#
#####.#
..#
####


You could see a worm (unable to see you).

Vanquished Creatures
  2 goblins (D:1)
  2 quokkas (D:1)
  A ball python (D:1)
  A bat (D:1)
  A frilled lizard (D:1)
  3 rats (D:1)
10 creatures vanquished.

Notes
Turn   | Place    | Note
-------+----------+-------------------------------------------
     0 | D:1      | Pimp the Vampire Enchanter began the quest for the Orb.
     0 | D:1      | Reached XP level 1. HP: 13/13 MP: 3/3
   146 | D:1      | Learned a level 1 spell: Magic Dart
   230 | D:1      | Reached XP level 2. HP: 17/19 MP: 5/5
   394 | D:1      | Got Lataw's Treatise on Oxidation and Beckoning
   629 | D:2      | Slain by a worm

Illustrated notes

Levels and vault maps discovered:
D:1:      dpeg_chamrin_arrival_tetris, layout_basic, skrybe_limestone_x
D:2:      layout_basic, dreamdust_wishing_well

Action                     || total
---------------------------++-------
  Melee: Dagger            ||    39
         Bite              ||     3
         Punch             ||     1
    Use: Potion            ||     1
   Stab: Sleeping          ||     2
 Armour: Robe              ||    11
  Dodge: Dodged            ||    15

Table legend: (Time is in decaauts)
 A = Elapsed time spent in this place.
 B = Non-inter-level travel time spent in this place.
 C = Inter-level travel time spent in this place.
 D = Time resting spent in this place.
 E = Time spent auto-exploring this place.
 F = Levels seen in this place.
 G = Mean time per level.
                   A        B        C        D        E       F      G
               +--------+--------+--------+--------+--------+-----+--------+
         Total |    626 |    607 |     19 |     10 |    472 |   2 |  313.0 |
       Dungeon |    626 |    607 |     19 |     10 |    472 |   2 |  313.0 |
               +--------+--------+--------+--------+--------+-----+--------+

Top non-repeatable levels by time:
     D:1: 614 daAuts
     D:2: 12 daAuts
